AoeStats
← Cikolko.kenobi

Nomad

508918714Analyzed
2v2 RM · 7d ago on Sep 24, 2026· 28m 16s· 4 players
Game mode
Random Map
Map size
176×176
Population
200
Speed
Normal
Resources
Standard
Victory
Conquest
Starting age
Dark Age
Ending age
Imperial Age
RankedLock teamsTeams togetherTeam positionsShared explorationLock speedFull tech treeHidden civsTurbo modeCheats
Victory
Defeat
🇨🇿 Sicilians · Czechia
1052
+15
🇸🇰 Italians · Slovakia
1052
+15
🇫🇮 Byzantines · Finland
1074
-16
🇩🇪 Varangians · Germany
1001
-14
obivan.kenobi
4:44 Loom
13:05 Feudal Age
15:01 Horse Collar
15:10 Double-Bit Axe
18:47 Castle Age
18:51 Padded Archer Armor
18:42 Fletching
20:27 Bow Saw
20:52 Heavy Plow
23:51 Wheelbarrow
23:20 Murder Holes
24:17 Bodkin Arrow
25:04 Leather Archer Armor
24:56 Crossbowman
28:12 Ballistics
Cikolko.kenobi
5:18 Loom
13:25 Feudal Age
18:49 Castle Age
17:40 Double-Bit Axe
17:59 Fletching
19:08 Town Watch
19:07 Horse Collar
19:30 Padded Archer Armor
19:12 Crossbowman
20:11 Thumb Ring
21:35 Bodkin Arrow
23:36 Stone Mining
24:33 Ballistics
TurboAoE
13:56 Feudal Age
19:19 Castle Age
20:27 Squires
20:14 Arson
22:44 Horse Collar
KinE
11:34 Loom
15:37 Feudal Age
17:06 Double-Bit Axe
19:15 Fishing Lines
21:58 Castle Age
21:34 Horse Collar
22:02 Gold Mining
22:04 Stone Mining
Connection lost

Rejoining the realm…

Still unreachable

The connection could not be restored.

Session expired

The server has moved on; the page needs a fresh start.